 Dungeon Sprint DCSS version bcrawl-1.12-10-g10a67aac0f (webtiles) character file.

Game seed: 11805906391415188542

2331 Groucho the Unseen (level 9, 0/47 HPs)
             Began as a Spriggan Enchanter on June 16, 2019.
             Was a Believer of Dithmenos.
             Killed from afar by a crystal guardian (47 damage)
             ... with a crystal bolt
             ... in the Dungeon (Sprint II: "The Violet Keep of Menkaure").
             The game lasted 00:08:57 (782 turns).

Groucho the Unseen (Spriggan Enchanter)              Turns: 782, Time: 00:08:58

Health: 0/47       AC:  2    Str:  7    XL:     9   Next: 19%
Magic:  23/23      EV: 28    Int: 17    God:    Dithmenos [**....]
Gold:   145        SH:  0    Dex: 16    Spells: 14/26 levels left

rFire    . . .     SeeInvis +   a - +1 dagger
rCold    . . .     Gourm    .   (shield restricted)
rNeg     . . .     Faith    .   b - +0 robe
rPois    .         Spirit   .   (helmet restricted)
rElec    .         Reflect  .   (no cloak)
rCorr    .         Harm     .   (gloves unavailable)
MR       +....     NoTele   +   (boots unavailable)
Stlth    ++++++++..             l - amulet of rage
HPRegen  0.15/turn              (no ring)
MPRegen  0.18/turn              (no ring)

@: very slightly contaminated, wreathed by umbra, invisible, very quick
A: very small, unfitting armour, see invisible, herbivore, speed 3, slow
metabolism 2
a: Shadow Step, Renounce Religion, Evoke Berserk Rage


You were in the Dungeon.
You worshipped Dithmenos.
Dithmenos was pleased with you.
You were not hungry.

You visited 1 branch You collected 1069 gold pieces.
You spent 924 gold pieces at shops.

Inventory:

Hand Weapons
 a - a +1 dagger (weapon)
Armour
 b - a +0 robe (worn)
Jewellery
 l - an amulet of rage (around neck)
Scrolls
 d - a scroll of fog
 k - a scroll of blinking
Potions
 c - a potion of flight
 e - a potion of curing
 h - a potion of haste
 i - a potion of magic
 j - 2 potions of invisibility
Comestibles
 f - a ration {!d}


   Skills:
 + Level 5.0 Fighting
 * Level 10.4 Short Blades
 * Level 12.4 Dodging
 * Level 15.8 Stealth
 + Level 9.3 Spellcasting
 * Level 11.9 Hexes


You had 14 spell levels left.
You knew the following spells:

 Your Spells              Type           Power        Failure   Level  Hunger
a - Corona                Hex            #####..      1%          1    None
b - Ensorcelled Hibernat  Hex/Ice        ####..       1%          2    None
c - Confuse               Hex            #####...     1%          3    None
d - Dazzling Spray        Conj/Hex       ####..       2%          3    None
e - Tukima's Dance        Hex            #####...     1%          3    None

Your spell library contained the following spells:

 Spells                   Type           Power        Failure   Level  Hunger


Dungeon Overview and Level Annotations

Branches:
Dungeon (1/1)

Altars:
Cheibriados
Dithmenos
Elyvilon
Fedhas
Gozag
Hepliaklqana
Kikubaaqudgha
Lugonu
Makhleb
Nemelex Xobeh
Okawaru
Qazlal
Ru
Sif Muna
Trog
Uskayaw
Vehumet
Wu Jian
Xom
Yredelemnul
Zin
The Shining One
Beogh
Jiyva

Shops:
D :}%?[[=**!(!!*=:

Annotations:
D exclusion: oklob plant


Innate Abilities, Weirdness & Mutations

You are very small and have problems with some larger weapons.
You are too small for most types of armour.
You have supernaturally acute eyesight. (SInv)
You are a herbivore.
You cover ground extremely quickly.
You need to consume almost no food.


Message History

A swamp drake, a death drake and a crystal guardian come into view.
Found 3 potions of flight.
The helpless swamp drake fails to defend itself.
You perforate the swamp drake like a sieve!!!!
You kill the swamp drake!
Dithmenos accepts your kill.
The helpless swamp drake fails to defend itself.
You stick the swamp drake like a pincushion!!!!
You kill the swamp drake!
Dithmenos accepts your kill.
You can now step into the shadows of enemies, leaving a shadow behind.
Your Fighting skill increases to level 5!
You avoid triggering a needle trap.
There is a needle trap here.
Unknown command.
Really walk into a travel-excluded area?
The crystal guardian fires a crystalline bolt at you.
The crystal bolt burns you!
Ouch! That really hurt!
You die...

.. .^#.k# ##+# #.#††#
#.#.##.#### +^##.# .###.# ...#
#...#### #.#.####..## ##8.##.#
$$$ ##'###†##..# +^^#.)#▓$?))(
##.##...#..# #..#..#▓$[[[[?
'.<.'##.'..####^.##.#▓)([%$(!
##.##.###....###@..##▓▓▓▓▓▓▓+
##'###.##......≈≈≈≈≈≈≈≈≈≈≈≈≈
#.#.####§§..§..≈#'########+###
..#..#≈≈≈≈≈§≈..≈#..._._._#≈§≈#
##.###≈§≈≈§§≈≈.§#_._._._.#§§§§
##+##≈≈§≈§≈≈≈≈≈§#._._._._#≈≈§≈
≈≈ ≈≈≈≈§§≈§≈≈≈§≈#_._._._.#§§t§
++#+++#≈≈§≈≈≈§§≈#._._._..#§§§§
° ##§§≈###§≈#_._._...#§t§§


You could see a crystal guardian.

Vanquished Creatures
  A yaktaur (D)
  2 polar bears (D)
  A blink frog (D)
  A hornet (D)
  2 hippogriffs (D)
  4 neqoxecs (D)
  2 swamp drakes (D)
  A crocodile (D)
  4 worker ants (D)
  3 worms (D)
21 creatures vanquished.

Vanquished Creatures (others)
  A polar bear (D)
  Menkaure (D)
  A crocodile (D)
3 creatures vanquished.

Grand Total: 24 creatures vanquished

Notes
Turn   | Place    | Note
-------+----------+-------------------------------------------
     0 | D        | Groucho the Spriggan Enchanter began the quest for the Orb.
     0 | D        | Reached XP level 1. HP: 9/9 MP: 5/5
     1 | D        | Noticed a hippogriff
     1 | D        | Noticed a hippogriff
    18 | D        | Reached skill level 5 in Stealth
    21 | D        | Reached skill level 6 in Stealth
    34 | D        | Killed Menkaure
    59 | D        | Killed a crocodile
    67 | D        | Reached XP level 2. HP: 13/13 MP: 7/7
    96 | D        | Learned a level 2 spell: Ensorcelled Hibernation
   157 | D        | Reached skill level 8 in Stealth
   157 | D        | Reached skill level 5 in Hexes
   157 | D        | Reached XP level 3. HP: 15/16 MP: 1/10
   163 | D        | Reached skill level 9 in Stealth
   163 | D        | Reached skill level 5 in Spellcasting
   282 | D        | Reached skill level 10 in Stealth
   282 | D        | Reached XP level 4. HP: 19/21 MP: 6/12
   287 | D        | Learned a level 3 spell: Confuse
   291 | D        | Learned a level 3 spell: Dazzling Spray
   295 | D        | Learned a level 3 spell: Tukima's Dance
   311 | D        | Noticed a neqoxec
   311 | D        | Noticed a neqoxec
   311 | D        | Noticed a neqoxec
   311 | D        | Noticed a neqoxec
   313 | D        | Killed a neqoxec
   313 | D        | Reached skill level 1 in Fighting
   313 | D        | Reached skill level 11 in Stealth
   313 | D        | Reached XP level 5. HP: 26/26 MP: 9/14
   315 | D        | Killed a neqoxec
   315 | D        | Reached skill level 5 in Short Blades
   315 | D        | Reached skill level 12 in Stealth
   315 | D        | Reached XP level 6. HP: 32/32 MP: 10/17
   316 | D        | Killed a neqoxec
   319 | D        | Killed a neqoxec
   319 | D        | Reached skill level 13 in Stealth
   319 | D        | Reached XP level 7. HP: 36/36 MP: 12/19
   331 | D        | Killed a hippogriff
   334 | D        | Killed a hippogriff
   334 | D        | Reached skill level 10 in Dodging
   334 | D        | Reached skill level 14 in Stealth
   334 | D        | Reached skill level 10 in Hexes
   355 | D        | Found Tyl Lau's Assorted Antiques.
   355 | D        | Found Oblis's Assorted Antiques.
   355 | D        | Found Fathakhlu's Antique Weapon Shop.
   355 | D        | Found Etuab's General Store.
   355 | D        | Found Ucou's Jewellery Boutique.
   356 | D        | Found Qoarusk's Book Shop.
   356 | D        | Found Yrushis's Distillery.
   356 | D        | Found Vuimyidd's Distillery.
   356 | D        | Found Abek's Antique Armour Boutique.
   356 | D        | Found Oxkiawax's Antique Armour Shop.
   356 | D        | Found Enerrics's Magic Scroll Boutique.
   357 | D        | Found Goask's Jewellery Boutique.
   357 | D        | Found Lurof's Distillery.
   357 | D        | Found Dyanaoh's Food Shop.
   357 | D        | Found Ceus Ped's Gadget Boutique.
   366 | D        | Reached XP level 8. HP: 42/42 MP: 9/21
   370 | D        | Noticed an oklob plant
   371 | D        | Found Cushreff's Book Shoppe.
   374 | D        | Noticed a great orb of eyes
   418 | D        | Bought 2 potions of flight for 60 gold pieces
   422 | D        | Bought 2 potions of invisibility for 208 gold pieces
   424 | D        | Bought 2 potions of invisibility for 176 gold pieces
   426 | D        | Bought an uncursed amulet of rage for 480 gold pieces
   456 | D        | Noticed a blink frog
   458 | D        | Killed a blink frog
   481 | D        | Found a glowing golden altar of the Shining One.
   481 | D        | Found an ornate altar of the Wu Jian Council.
   482 | D        | Found a shimmering altar of Xom.
   482 | D        | Found a sacrificial altar of Ru.
   482 | D        | Found a stormy altar of Qazlal.
   483 | D        | Found a basalt altar of Yredelemnul.
   483 | D        | Found a deep blue altar of Sif Muna.
   484 | D        | Found a glowing silver altar of Zin.
   484 | D        | Found a bloodstained altar of Trog.
   484 | D        | Found an ancient bone altar of Kikubaaqudgha.
   484 | D        | Found a viscous altar of Jiyva.
   485 | D        | Found a hide-covered altar of Uskayaw.
   485 | D        | Found a corrupted altar of Lugonu.
   485 | D        | Found a shadowy altar of Dithmenos.
   488 | D        | Found a radiant altar of Vehumet.
   488 | D        | Found a burning altar of Makhleb.
   488 | D        | Found a white marble altar of Elyvilon.
   489 | D        | Found a sparkling altar of Nemelex Xobeh.
   489 | D        | Found a blossoming altar of Fedhas.
   491 | D        | Found an iron altar of Okawaru.
   491 | D        | Found an opulent altar of Gozag.
   491 | D        | Found a hazy altar of Hepliaklqana.
   491 | D        | Found a snail-covered altar of Cheibriados.
   491 | D        | Noticed a hornet
   491 | D        | Noticed a polar bear
   492 | D        | Found a roughly hewn altar of Beogh.
   492 | D        | Noticed a yaktaur
   499 | D        | Became a worshipper of Dithmenos the Shadowed
   508 | D        | Noticed a polar bear
   508 | D        | Noticed a polar bear
   514 | D        | Killed a polar bear
   520 | D        | Killed a polar bear
   520 | D        | Reached skill level 15 in Stealth
   522 | D        | Killed a hornet
   529 | D        | Killed a polar bear
   529 | D        | Reached * piety under Dithmenos
   535 | D        | Killed a yaktaur
   535 | D        | Reached skill level 10 in Short Blades
   535 | D        | Reached XP level 9. HP: 27/46 MP: 8/23
   767 | D        | Noticed a death drake
   773 | D        | Noticed a death drake
   773 | D        | Noticed a crystal guardian
   775 | D        | Reached ** piety under Dithmenos
   775 | D        | Reached skill level 5 in Fighting
   782 | D        | Killed from afar by a crystal guardian

Skill      XL: |  1  2  3  4  5  6  7  8  9 |
---------------+----------------------------+-----
Stealth        | 6 8 10 11 12 13 14 15 | 15.8
Spellcasting   | 3 4 5 6 7 8 9 |  9.3
Hexes          | 4 5 6 7 8 9 10 11 | 11.9
Short Blades   | 4 5 7 8 10 | 10.4
Fighting       | 1 2 3 4 5 |  5.0
Dodging        | 6 7 9 10 12 | 12.4

Action                   |  1- 3 |  4- 6 |  7- 9 || total
-------------------------+-------+-------+-------++-------
Melee: Dagger            |    15 |     5 |    23 ||    43
 Cast: Ensorcelled Hiber |    10 |       |     8 ||    18
       Confuse           |       |       |     2 ||     2
  Use: Potion            |     2 |       |     4 ||     6
 Stab: Sleeping          |     4 |     5 |     7 ||    16
       Invisible         |       |       |     4 ||     4
       Confused          |       |       |     1 ||     1
Armor: Robe              |     2 |       |     1 ||     3
Dodge: Dodged            |    20 |       |    38 ||    58
